 Dungeon Crawl Stone Soup version 0.27.1-37-g7b29ead8ac (webtiles) character file.

Game seed: 633054876719172374

1128 TheWayOfAllFlesh the Gusty (level 7, 0/50 HPs)
             Began as a Demigod Air Elementalist on Apr 11, 2024.
             Slain by Prince Ribbit (12 damage)
             ... on level 4 of the Dungeon.
             The game lasted 00:12:49 (6347 turns).

TheWayOfAllFlesh the Gusty (DgAE)                   Turns: 6347, Time: 00:12:50

Health: 0/50       AC:  4    Str:  9    XL:     7   Next: 89%
Magic:  12/16      EV: 12    Int: 25    God:
Gold:   159        SH:  0    Dex: 14    Spells: 9/14 levels left

rFire    . . .     SeeInvis .   e - staff of air
rCold    . . .     Faith    .   (no shield)
rNeg     . . .     Spirit   .   a - +0 robe
rPois    .         Reflect  .   g - +0 helmet
rElec    +         Harm     .   (no cloak)
rCorr    .         Rampage  .   u - +0 pair of gloves
Will     .....                  (no boots)
Stlth    ++........             (no amulet)
HPRegen  0.16/turn              k - ring of flight
MPRegen  0.15/turn              r - ring of wizardry

@: flying
A: high mp 1, forlorn
a: no special abilities


You were on level 4 of the Dungeon.
You visited 2 branches of the dungeon, and saw 7 of its levels.

You collected 159 gold pieces.

Inventory:

Hand Weapons
 d - a +1 spear of electrocution
Armour
 a - a +0 robe (worn)
 g - a +0 helmet (worn)
 u - a +0 pair of gloves (worn)
Magical Staves
 e - a staff of air (weapon)
Jewellery
 k - a ring of flight (left hand)
 r - a ring of wizardry (right hand)
Wands
 l - a wand of acid (5)
 s - a wand of mindburst (10)
 v - a wand of polymorph (10)
Scrolls
 n - a scroll of magic mapping
 t - a scroll of identify
Potions
 b - 5 potions of flight
 c - 2 potions of haste
 i - a potion of invisibility {unknown}
 o - a potion of berserk rage
 p - a potion of mutation {unknown}


   Skills:
 - Level 1.7 Dodging
 - Level 1.7 Stealth
 + Level 4.3 Spellcasting
 + Level 5.1 Conjurations
 + Level 5.2 Air Magic
 - Level 3.0 Poison Magic


You had 9 spell levels left.
You knew the following spells:

 Your Spells              Type           Power      Damage    Failure   Level
a - Shock                 Conj/Air       100%       1d9       1%          1
b - Poisonous Vapours     Pois/Air       78%        N/A       1%          2
c - Static Discharge      Conj/Air       47%        N/A       1%          2

Your spell library contained the following spells:

 Spells                   Type           Power      Damage    Failure   Level
 Corpse Rot               Necr/Air       N/A        N/A       1%          2
 Swiftness                Air            47%        N/A       1%          3
 Airstrike                Air            23%        N/A       4%          4
 Call Canine Familiar     Summ           5%         N/A       11%         3
 Portal Projectile        Hex/Tloc       10%        N/A       11%         3
 Freezing Cloud           Conj/Ice/Air   17%        6-21      24%         5
 Leda's Liquefaction      Hex/Erth       2%         N/A       32%         4


Dungeon Overview and Level Annotations

Branches:
Dungeon (6/15)             Temple (1/1) D:4

Annotations:
D:4 Prince Ribbit
D:5 Blork the orc, Sigmund


Innate Abilities, Weirdness & Mutations

Your attributes grow dramatically as you level up.
You have an increased reservoir of magic. (+10% MP)
You shall have no god before yourself.


Message History

Prince Ribbit hits you! The gnoll hits you but does no damage.
The gnoll hits you with a +0 club!
Found a gold piece.
There is a stone staircase leading up, spattered with blood here.
Prince Ribbit hits you. The gnoll hits you but does no damage.
The gnoll hits you with a +0 club.
The gnoll sergeant hits you from afar with a +0 spear.
* * * LOW HITPOINT WARNING * * *
You fly upwards.
There is a stone staircase leading down here.
Casting: Shock (safe; 1% risk of failure)
Confirm with . or Enter, or press ? or * to list all spells.
You feel a surge of power!
Prince Ribbit is struck by an arc of lightning.
Prince Ribbit is lightly wounded.
You resist.
You are struck by an arc of lightning.
* * * LOW HITPOINT WARNING * * *
The lightning grounds out.
The gnoll is struck by an arc of lightning.
The gnoll is heavily wounded.
The gnoll is struck by an arc of lightning.
The gnoll is moderately wounded.
The gnoll is struck by an arc of lightning!
You kill the gnoll!
The lightning grounds out.
The gnoll is struck by an arc of lightning!
You kill the gnoll!
You resist.
You are struck by an arc of lightning.
* * * LOW HITPOINT WARNING * * *
The lightning grounds out.
Prince Ribbit closely misses you.
Casting: Static Discharge (safe; 1% risk of failure)
Confirm with . or Enter, or press ? or * to list all spells.
You feel a surge of power!
Prince Ribbit is struck by an arc of lightning!
Prince Ribbit is moderately wounded.
You resist.
You are struck by an arc of lightning.
Prince Ribbit is struck by an arc of lightning.
Prince Ribbit is heavily wounded.
The lightning grounds out.
Prince Ribbit hits you!
You die...

.....#....#....⌠.._..#######.....
.....#....#..........# #.....
.....#....#..........# #.....
.....#....#...._.....# #.....
.....#....#..........# #.....
.....#....#..........#######.....
.....#.†..#....#...........###'#.
.....#...###...#)).........#...'.
.....#.[.#######@..........#...#.
.....'.........#.F.........#...#.
.....#.........#...........#...#.
.....#.........#...........#...#.
.....#.........#.....###########.
.....#'#####'###.....# #.
.....................# #.
.....................# #.
.....................# #.


You could see Prince Ribbit.

Vanquished Creatures
  Edmund (D:4)
  A water moccasin (D:6)
  An orc warrior (D:6)
  A black bear (D:6)
  A phantom (D:6)
  A bullfrog (D:5)
  A scorpion (D:5)
  A water moccasin skeleton (D:4)
  3 wights (D:6)
  2 orc priests
  A hound (D:2)
  2 bullfrog skeletons
  Robin (D:3)
  8 adders
  2 gnolls (D:4)
  An ufetubus (D:4)
  4 worms
  A dart slug (D:1)
  9 orcs
  6 ball pythons
  5 endoplasms
  5 giant cockroaches
  18 goblins
  8 hobgoblins
  3 jackals (D:1)
  7 kobolds
  4 quokkas
  5 bats
  7 rats
110 creatures vanquished.

Vanquished Creatures (others)
  8 plants (D:2)
8 creatures vanquished.

Grand Total: 118 creatures vanquished

Notes
Turn   | Place    | Note
-------+----------+-------------------------------------------
     0 | D:1      | TheWayOfAllFlesh the Demigod Air Elementalist began the
                  | quest for the Orb.
     0 | D:1      | Reached XP level 1. HP: 14/14 MP: 5/5
    95 | D:1      | Reached skill level 1 in Conjurations
   634 | D:1      | Reached XP level 2. HP: 20/20 MP: 2/7
  1406 | D:1      | Learned a level 2 spell: Poisonous Vapours
  1497 | D:2      | Reached XP level 3. HP: 26/26 MP: 2/8
  2634 | D:3      | Learned a level 2 spell: Static Discharge
  2640 | D:3      | Reached XP level 4. HP: 33/33 MP: 6/10
  3083 | D:3      | Noticed Robin
  3093 | D:3      | Killed Robin
  3425 | D:4      | Reached XP level 5. HP: 38/38 MP: 6/11
  3752 | D:4      | You are sucked into a shaft and drop 2 floors!
  3798 | D:5      | Entered Level 5 of the Dungeon
  3798 | D:5      | Noticed Blork the orc
  4179 | D:6      | Reached skill level 1 in Poison Magic
  4179 | D:6      | Reached XP level 6. HP: 45/45 MP: 6/13
  4679 | D:6      | Reached XP level 7. HP: 33/50 MP: 3/15
  5087 | D:5      | Noticed Sigmund
  5403 | D:4      | Reached skill level 5 in Air Magic
  5784 | D:4      | Found a staircase to the Ecumenical Temple.
  5859 | D:4      | Noticed Edmund
  5871 | D:4      | Killed Edmund
  5872 | D:4      | Reached skill level 5 in Conjurations
  6191 | Temple   | Entered the Ecumenical Temple
  6343 | D:5      | Noticed Prince Ribbit
  6347 | D:4      | Slain by Prince Ribbit

Illustrated notes

Levels and vault maps discovered:
D:1:      wander_arrival_estate, layout_basic, ebering_ecumenical_altar_rust
D:2:      layout_rooms, serial_forest, infiniplex_forest_straight_2,
          infiniplex_forest_end_1, infiniplex_forest_clump_large,
          infiniplex_forest_corner_1, infiniplex_forest_clump_cross,
          infiniplex_forest_straight_5, infiniplex_forest_3_way,
          infiniplex_forest_clump_diagonal, supply_closet_lemuel,
          serial_bayou_ford_a, minmay_bisected
D:3:      layout_basic, nicolae_wu_jian_glorious_leap, uniq_robin
D:4:      layout_gridville, grunt_temple_overflow_open,
          minmay_temple_entry_statues, uniq_edmund
D:5:      layout_cave_pools, chei_slow_surprise, nicolae_shop_self_help,
          uniq_prince_ribbit1, uniq_sigmund, uniq_blork_the_orc,
          uniq_crazy_yiuf_cottage
D:6:      layout_cave_pods, nicolae_qazlal_scattered_showers
Temple:   minmay_temple_forest_path

Skill      XL: |  1  2  3  4  5  6  7 |
---------------+----------------------+-----
Conjurations   | 1 2 3 4 5 |  5.1
Spellcasting   | 2 3 4 |  4.3
Air Magic      | 3 4 5 |  5.2
Poison Magic   | 1 2 3 |  3.0
Dodging        | |  1.7
Stealth        | |  1.7

Action                   |  1- 3 |  4- 6 |  7- 9 || total
-------------------------+-------+-------+-------++-------
Melee: Spear             |    27 |       |       ||    27
       Staff             |     1 |     6 |       ||     7
 Cast: Shock             |   104 |    89 |    46 ||   239
       Static Discharge  |       |    17 |     8 ||    25
       Poisonous Vapours |       |     4 |       ||     4
Evoke: Wand              |       |     2 |     3 ||     5
  Use: Scroll            |       |     4 |     5 ||     9
       Potion            |       |       |     1 ||     1
Armor: Robe              |    11 |     5 |     3 ||    19
Dodge: Dodged            |    30 |    16 |    15 ||    61
